 Dungeon Crawl Stone Soup version 0.29-a0-824-gd827844252 (webtiles) character file.

Game seed: 11903920589970015331

27 Malachi the Sneak (level 3, -1/26 HPs)
             Began as an Octopode Delver on July 10, 2022.
             Slain by a black bear (3 damage)
             ... on level 6 of the Dungeon.
             The game lasted 00:00:34 (367 turns).

Malachi the Sneak (Octopode Delver)                  Turns: 367, Time: 00:00:35

Health: -1/26      AC:  1    Str: 11    XL:     3   Next: 10%
Magic:  3/3        EV: 13    Int: 14    God:
Gold:   18         SH:  0    Dex: 13    Spells: 2/2 levels left

rFire   . . .      SeeInvis .     - Unarmed
rCold   . . .      Faith    .   (no shield)
rNeg    . . .      Spirit   .   (helmet restricted)
rPois   .          Reflect  .   (no amulet)
rElec   .          Harm     .   (no ring)
rCorr   .          Rampage  .   (no ring)
Will    .....                   (no ring)
Stlth   +++++.....              (no ring)
HPRegen 0.08/turn               (no ring)
MPRegen 0.08/turn               (no ring)
                                (no ring)
                                (no ring)

@: no status effects
A: almost no armour, amphibious, 8 rings, camouflage 1, gelatinous body 1,
(nimble swimmer 1), tentacles
a: no special abilities


You were on level 6 of the Dungeon.
You visited 1 branch of the dungeon, and saw 2 of its levels.

You collected 18 gold pieces.

Inventory:

Wands
 e - a wand of digging (3)
Scrolls
 a - a scroll of fog
 b - a scroll of magic mapping
 c - a scroll of fear
 f - a scroll of identify {unknown}
Potions
 d - a potion of haste


   Skills:
 + Level 3.2 Fighting
 + Level 2.1 Dodging
 + Level 7.5 Stealth
 + Level 2.1 Unarmed Combat


You had 2 spell levels left.
You didn't know any spells.
Your spell library contained the following spells:

 Spells                   Type           Power      Damage    Failure   Level
 Static Discharge         Conj/Air       0%         3-3/arc   41%         2
 Lightning Bolt           Conj/Air       0%         1d11      100%        5
 Maxwell's Capacitive Co  Air            0%         ∞         100%        8


Dungeon Overview and Level Annotations

Branches:
Dungeon (6/15)
 Temple: D:4-7

Altars:


Innate Abilities, Weirdness & Mutations

You cannot wear most types of armour.
You are amphibious.
You can wear up to eight rings at the same time.
Your skin changes colour to match your surroundings (Stealth+).
Your rubbery body absorbs attacks. (AC +1, EV +1)
((You are camouflaged when in or above water. (Stealth+)))
You have tentacles for arms and can constrict up to eight enemies at once.


Message History

HP restored.
Key pressed, stopping explore.
A black bear comes into view.
A black bear is nearby!
A black bear is nearby!
Found a bubbling coppery potion.
You hear the rusting of a drain very nearby.
Found a club.
The helpless black bear fails to defend itself.
You tentacle-slap the black bear but do no damage.
You grab the black bear. You constrict the black bear.
The black bear bites you. The black bear claws you.
The black bear closely misses you.
You barely miss the black bear.
The black bear is lightly wounded.
You constrict the black bear. The black bear bites you.
The black bear closely misses you. x2
You tentacle-slap the black bear.
You squeeze the black bear, but do no damage.
The black bear is lightly wounded.
You constrict the black bear. The black bear bites you.
The black bear barely misses you. The black bear closely misses you.
You tentacle-slap the black bear.
You squeeze the black bear, but do no damage.
The black bear is moderately wounded.
You constrict the black bear. The black bear barely misses you.
The black bear completely misses you. The black bear closely misses you.
You tentacle-slap the black bear but do no damage.
The black bear is moderately wounded.
You constrict the black bear. The black bear bites you!
The black bear barely misses you. The black bear closely misses you.
You are too injured to fight recklessly!
You are too injured to fight recklessly!
You are too injured to fight recklessly!
You tentacle-slap the black bear. You squeeze the black bear.
The black bear is heavily wounded.
You constrict the black bear. The black bear bites you!
* * * LOW HITPOINT WARNING * * *
The black bear claws you.
You die...

####.# ...#.#
#..........# ##.#.#
#..........# ##.#.#
#..........# ...#.#
#..........# ####.#
#.........)### .....#
+.............
##...######........!.###
................@h......
##...###########......#.
#...# #......# ##...#
######## .....# .....#
.†...# ##...# .###.#


You could see a black bear.

Vanquished Creatures
  3 adders (D:6)
3 creatures vanquished.

Vanquished Creatures (others)
  15 fungi (D:6)
15 creatures vanquished.

Grand Total: 18 creatures vanquished

Notes
Turn   | Place    | Note
-------+----------+-------------------------------------------
     0 | D:5      | Malachi the Octopode Delver began the quest for the Orb.
     0 | D:5      | Reached XP level 1. HP: 16/16 MP: 1/1
    51 | D:6      | Reached skill level 7 in Stealth
    51 | D:6      | Reached XP level 2. HP: 21/21 MP: 2/2
   163 | D:6      | Reached XP level 3. HP: 17/26 MP: 3/3
   355 | D:6      | Noticed a black bear
   367 | D:6      | Slain by a black bear

Illustrated notes

Levels and vault maps discovered:
D:5:      layout_loops_corners, minmay_temple_entry_from_below_a,
          grunt_ministairs_3, nicolae_inconvenience_store,
          minmay_misc_feat_enclosed, uniq_ijyb
D:6:      layout_basic, mainiacjoe_overflow_chevrons, gup_sewer_entry_glass,
          uniq_maggie, uniq_pikel

Skill      XL: |  1 |
---------------+----+-----
Stealth        | 7 |  7.5
Fighting       | |  3.2
Dodging        | |  2.1
Unarmed Combat | |  2.1

Action                   || total
-------------------------++-------
Melee: Unarmed           ||    15
       Constrict         ||     4
       Tentacles         ||     5
 Stab: Sleeping          ||     2
Dodge: Dodged            ||    15

Table legend: (Time is in decaauts)
 A = Elapsed time spent in this place.
 B = Non-inter-level travel time spent in this place.
 C = Inter-level travel time spent in this place.
 D = Time resting spent in this place.
 E = Time spent auto-exploring this place.
 F = Levels seen in this place.
 G = Mean time per level.
                   A        B        C        D        E       F      G
               +--------+--------+--------+--------+--------+-----+--------+
         Total |    366 |    366 |      0 |      0 |    329 |   2 |  183.0 |
       Dungeon |    366 |    366 |      0 |      0 |    329 |   2 |  183.0 |
               +--------+--------+--------+--------+--------+-----+--------+

Top non-repeatable levels by time:
     D:6: 365 daAuts
     D:5: 1 daAuts
